 Dungeon Crawl Stone Soup version 0.31.0-11-ge490571c62 (webtiles) character file.

Game seed: 4922609990744683987

30190 mdonais the Geomancer (level 13, -8/88 HPs)
             Began as an Octopode Wanderer on Jan 28, 2024.
             Was an Initiate of Gozag.
             Killed from afar by an orc sorcerer (36 damage)
             ... with a bolt of fire
             ... on level 2 of the Orcish Mines.
             The game lasted 01:17:55 (21447 turns).

mdonais the Geomancer (Octopode Wanderer)          Turns: 21447, Time: 01:17:56

Health: -8/88      AC:  1    Str: 15    XL:     13   Next: 50%
Magic:  14/27      EV: 17    Int: 29    God:    Gozag
Gold:   1120       SH:  5    Dex: 17    Spells: 9/32 levels left

rFire   . . .        y - +6 dagger of Conuf {venom, *Corrode Int+4 Dex+3}
rCold   . . .        (no shield)
rNeg    . . .        (helmet restricted)
rPois   .            S - amulet of reflection
rElec   .            k - +6 ring of intelligence
rCorr   .            s - ring of see invisible
SInv    +            W - +6 ring of strength
Will    .....        (no ring)
Stlth   +++++        (no ring)
HPRegen 0.34/turn    (no ring)
MPRegen 0.20/turn    (no ring)
                     (no ring)

%: corrode self (3%), reflection
@: no status effects
A: almost no armour, amphibious, 8 rings, camouflage 1, gelatinous body 1,
(nimble swimmer 1), tentacles
a: Renounce Religion, Potion Petition, Call Merchant, Bribe Branch


You were on level 2 of the Orcish Mines.
You worshipped Gozag.
Gozag was most pleased with you.
You visited 4 branches of the dungeon, and saw 19 of its levels.

You collected 3698 gold pieces.
You spent 1934 gold pieces at shops.
You paid 644 gold pieces to Gozag.

Inventory:

Hand Weapons
 y - the +6 dagger of Conuf (weapon) {venom, *Corrode Int+4 Dex+3}
   (You found it on level 4 of the Dungeon)

   Int+4:     It affects your intelligence (+4).
   Dex+3:     It affects your dexterity (+3).
   *Corrode:  It may corrode you when you take damage.
Missiles
 t - 9 boomerangs
 v - 6 javelins
 F - 2 curare-tipped darts (quivered)
 J - 2 atropa-tipped darts
 K - 6 darts of dispersal
 X - 20 poisoned darts
 Z - 3 throwing nets {=!f}
Armour
 z - a +1 kite shield
   (You found it on level 4 of the Dungeon)
Jewellery
 k - a +6 ring of intelligence (left tentacle)
   (You took it off an orc wizard on level 6 of the Dungeon)
 r - the amulet of Elemental Vulnerability {rPois rF-- rC-- AC+8}
   (You found it on level 12 of the Dungeon)

   [amulet of nothing]

   AC+8:      It affects your AC (+8).
   rF--:      It makes you very vulnerable to fire.
   rC--:      It makes you very vulnerable to cold.
   rPois:     It protects you from poison
 s - a ring of see invisible (right tentacle)
   (You found it on level 8 of the Dungeon)
 S - an amulet of reflection (around mantle)
   (You found it on level 5 of the Dungeon)
 W - a +6 ring of strength (on tentacle)
   (You found it on level 2 of the Lair of Beasts)
Talismans
 u - a beast talisman
   (You found it on level 3 of the Dungeon)
Wands
 h - a wand of quicksilver (15)
   (You found it on level 5 of the Dungeon)
 p - a wand of roots (3)
   (You found it on level 12 of the Dungeon)
 D - a wand of digging (5)
   (You found it on level 1 of the Lair of Beasts)
 P - a wand of paralysis (11)
   (You took it off an orc wizard on level 6 of the Dungeon)
 V - a wand of flame (4)
Scrolls
 e - a scroll of enchant armour
 j - a scroll of poison
 l - 3 scrolls of fog
 m - a scroll of enchant weapon
 n - 2 scrolls of silence
 o - 2 scrolls of fear
 w - 3 scrolls of noise
 A - 3 scrolls of revelation
 B - 2 scrolls of blinking
 I - 2 scrolls of immolation
 R - 2 scrolls of identify
 T - a scroll of teleportation
 Y - 2 scrolls of brand weapon
Potions
 a - a potion of resistance {unknown}
 b - a potion of ambrosia {unknown}
 c - 3 potions of berserk rage
 d - 3 potions of might {unknown}
 f - 4 potions of attraction
 g - 6 potions of brilliance
 i - 2 potions of heal wounds
 q - 3 potions of lignification
 x - a potion of invisibility {unknown}
 H - 2 potions of haste
 L - 2 potions of degeneration {unknown}
 M - a potion of mutation
 N - a potion of enlightenment {unknown}
 Q - 6 potions of curing
Miscellaneous
 U - a phial of floods
   (You found it on level 2 of the Lair of Beasts)


   Skills:
 - Level 8.0 Fighting
 - Level 2.0 Short Blades
 - Level 1.0 Polearms
 - Level 7.0 Dodging
 - Level 7.0 Stealth
 - Level 10.0 Spellcasting
 + Level 10.2 Conjurations
 - Level 6.0 Necromancy
 - Level 3.0 Translocations
 - Level 11.0 Earth Magic
 - Level 1.0 Invocations
 - Level 4.0 Evocations


You had 9 spell levels left.
You knew the following spells:

 Your Spells              Type           Power      Damage    Failure   Level
a - Necrotise             Necr           100%       1d9       1%          1
b - Bombard               Conj/Erth      33%        9d6       8%          6
c - Stone Arrow           Conj/Erth      100%       3d13      1%          3
d - Lee's Rapid Deconstr  Erth           33%        3d17*     1%          5
e - Blink                 Tloc           62%        N/A       1%          2
f - Dispel Undead         Necr           49%        3d18      3%          4
g - Momentum Strike       Conj/Tloc      100%       3d10      1%          2

Your spell library contained the following spells:

 Spells                   Type           Power      Damage    Failure   Level
 Apportation              Tloc           62%        N/A       1%          1
 Magic Dart               Conj           100%       1d8       1%          1
 Sting                    Conj/Alch      100%       1d9       1%          1
 Lesser Beckoning         Tloc           62%        N/A       1%          2
 Hailstorm                Conj/Ice       44%        3d9       1%          3
 Iskenderun's Mystic Bla  Conj/Tloc      52%        2d11      2%          4
 Freeze                   Ice            56%        1d7       3%          1
 Summon Small Mammal      Summ           56%        N/A       3%          1
 Call Imp                 Summ           28%        N/A       5%          2
 Mercury Vapours          Alch/Air       28%        N/A       5%          2
 Volatile Blastmotes      Fire/Tloc      46%        2d13      6%          3
 Call Canine Familiar     Summ           14%        N/A       11%         3
 Frozen Ramparts          Ice            28%        1d5       11%         3
 Summon Ice Beast         Ice/Summ       14%        N/A       11%         3
 Anguish                  Hex/Necr       15%        N/A       11%         4
 Olgreb's Toxic Radiance  Alch           14%        N/A       36%         4
 Summon Blazeheart Golem  Fire/Summ      14%        N/A       36%         4
 Summon Lightning Spire   Summ/Air       14%        N/A       36%         4
 Summon Mana Viper        Hex/Summ       14%        N/A       71%         5
 Lehudib's Crystal Spear  Conj/Erth      33%        10d8      97%         8
 Monstrous Menagerie      Summ           7%         N/A       100%        7
 Shatter                  Erth           33%        3d27*     100%        9
 Animate Armour           Summ/Erth      Unusable   N/A       N/A         4

Dungeon Overview and Level Annotations

Branches:
Dungeon (13/15) Zot: 25533  Temple (1/1) D:5 Zot: 5998    Lair (3/5) D:8 Zot: 13727
    Orc (2/2) D:12 Zot: 11767     Elf (0/3) Orc:2
  Swamp: Lair:2-3    Shoals: Lair:2-3     Snake: Lair:2-3    Spider: Lair:2-3
 Vaults: D:13-14

Altars:
Ashenzari
Cheibriados
Dithmenos
Elyvilon
Fedhas
Gozag
Hepliaklqana
Kikubaaqudgha
Makhleb
Nemelex Xobeh
Okawaru
Qazlal
Ru
Sif Muna
Trog
Uskayaw
Vehumet
Wu Jian
Xom
Yredelemnul
Zin
The Shining One

Shops:
D:5 :*   D:8 (*   D:10 !   Lair:1 ?

Annotations:
D:5 2 transporters, scisormetimb3rs's ghost, amateur GrFi
D:11 1 runed translucent door, 1 exclusion, DeathSocks's ghost, journeyman VSBr


Innate Abilities, Weirdness & Mutations

You cannot wear most types of armour.
You are amphibious.
You can wear up to eight rings at the same time.
Your skin changes colour to match your surroundings (Stealth+).
Your rubbery body absorbs attacks. (AC +1, EV +1)
((You are camouflaged when in or above water. (Stealth+)))
You have tentacles for arms and can constrict up to eight enemies at once.


Message History

The orc shouts!
The orc knight shouts!
You hear a shout! x2
The orc wizard is distracted by your dazzling golden aura.
The orc warrior looks as sick as possible!
The orc warrior is distracted by your dazzling golden aura.
The orc warrior is engulfed in poison gas.
The orc warrior looks as sick as possible!
The orc warrior is distracted by your dazzling golden aura.
The orc wizard shouts!
You now have 14/27 mp.
Casting: Stone Arrow (safe; 1% risk of failure)
Confirm with . or Enter, or press ? or * to list all spells.
Aiming: Stone Arrow (safe; 1% risk of failure)
Press: ? - help, Shift-Dir - straight line, f/p - orc knight
Aim: an orc knight, wielding a +0 great sword and wearing a +0 plate armour (severely wounded, very poisoned, 78% to hit)
The stone arrow hits the orc knight!!
You kill the orc knight!
The orc warrior shouts!
You hear a shout! x4
The orc warrior is no longer distracted by gold.
The orc warrior is engulfed in poison gas.
The orc warrior looks as sick as possible!
An orc priest comes into view. It is wielding a +2 whip of freezing.
The orc warrior is engulfed in poison gas.
The orc warrior looks as sick as possible!
The orc priest shouts!
You now have 11/27 mp.
Casting: Stone Arrow (safe; 1% risk of failure)
Confirm with . or Enter, or press ? or * to list all spells.
You can't see any susceptible monsters within range! (Use Z to cast anyway.) Throw: 3 darts (curare)
Press: ? - help, Q - select action, (/) - cycle Shift-Dir - straight line, f - orc wizard
Aim: an orc wizard, wielding a +0 dagger and wearing a +0 robe (55% to hit)
Okay, then.
Unknown command.
Throw: 2 darts (datura)
Press: ? - help, Q - select action, (/) - cycle Shift-Dir - straight line, f - orc wizard
Aim: an orc wizard, wielding a +0 dagger and wearing a +0 robe (55% to hit, chance to frenzy on hit: 87%)
You throw a datura-tipped dart.
The datura-tipped dart closely misses the orc wizard.
The datura-tipped dart hits the orc wizard.
The orc wizard flies into a frenzy!
You hear a shout! x3
The orc warrior is no longer distracted by gold.
The orc wizard is no longer distracted by gold.
The orc wizard misses the orc priest.
The orc wizard gestures at you while chanting.
The magic dart hits you.
The orc warrior is engulfed in poison gas.
The orc warrior looks as sick as possible!
The orc priest looks encouraged for a moment.
The orc warrior is engulfed in poison gas.
The orc warrior looks as sick as possible!
You kill the orc warrior!
You take 5 damage, and have 68/88 hp.
Throw: dart (datura)
Press: ? - help, Q - select action, (/) - cycle Shift-Dir - straight line, f - orc knight, p - orc wizard
Aim: an orc knight, wielding a +0 great sword and wearing a +0 chain mail (58% to hit, chance to frenzy on hit: 15%)
You throw a datura-tipped dart.
The datura-tipped dart barely misses the orc wizard.
The datura-tipped dart barely misses the orc knight.
The datura-tipped dart hits the orc wizard.
The orc is no longer distracted by gold.
The orc wizard barely misses the orc knight.
The orc priest hits the orc wizard with a +2 whip of freezing!
The orc priest freezes the orc wizard.
The orc wizard hits the orc with a +0 dagger.
The orc wizard's attack snaps the orc out of its fear.
Something hits the orc wizard.
Something barely misses the orc wizard.
The orc wizard is distracted by your dazzling golden aura.
Something hits the orc wizard.
The orc wizard dies!
The orc wizard shouts!
Unknown command.
Throw: 3 darts (curare)
Press: ? - help, Q - select action, (/) - cycle Shift-Dir - straight line, f/p - orc knight
Aim: an orc knight, wielding a +0 great sword and wearing a +0 chain mail (58% to hit)
You throw a curare-tipped dart.
The curare-tipped dart hits the orc wizard.
The orc wizard is poisoned.
The orc wizard struggles to breathe.
The orc wizard seems to slow down.
The orc wizard is no longer distracted by gold.
The orc wizard is heavily wounded.
You hear a shout! x6
You feel a bit more experienced.
The orc priest is distracted by your dazzling golden aura.
An orc wizard comes into view. It is wielding a +0 dagger.
The orc knight is distracted by your dazzling golden aura.
The orc knight shouts!
The orc priest shouts!
An orc warrior comes into view. It is wielding a +0 morningstar.
You hear a shout!
The orc knight is no longer distracted by gold.
The orc wizard is distracted by your dazzling golden aura.
The orc wizard shouts!
You hear a shout! x2
The orc high priest is engulfed in poison gas.
The orc high priest is poisoned.
The orc wizard gestures at you while chanting.
The magic dart hits you!
You take 6 damage, and have 63/88 hp.
Throw: 2 darts (curare)
Press: ? - help, Q - select action, (/) - cycle Shift-Dir - straight line, f - orc wizard
Aim: an orc wizard, wielding a +0 dagger and wearing a +0 robe (heavily wounded, very poisoned, slow, 55% to hit)
Okay, then.
The orc priest is no longer distracted by gold.
The orc high priest no longer looks unusually strong.
An orc comes into view. It is wielding a +0 club.
The orc wizard mumbles some strange words.
The orc wizard flickers and vanishes for a moment.
You hear a shout!
You hear a shout! x2
The orc wizard is no longer distracted by gold.
An orc comes into view. It is wielding a +0 hand axe.
The orc high priest is distracted by your dazzling golden aura.
The orc wizard is distracted by your dazzling golden aura.
The orc is distracted by your dazzling golden aura.
The orc high priest shouts!
The orc shouts!
An orc priest comes into view. It is wielding a +0 dagger.
Found 16 gold pieces.
You hear a shout!
The orc is no longer distracted by gold.
The orc priest shouts!
The orc wizard shouts!
The orc is distracted by your dazzling golden aura.
The orc wizard gestures at you while chanting.
The magic dart hits you!
The orc priest is distracted by your dazzling golden aura.
You take 7 damage, and have 57/88 hp.
The orc high priest looks more healthy.
The orc priest invokes the aid of Beogh against you.
Beogh smites you!
The orc priest invokes the aid of Beogh against you.
Beogh smites you!
The orc wizard gestures at you while chanting.
The magic dart hits you.
The orc sorcerer casts a spell.
The orc warrior unwields a +1 heavy mace.
The orc warrior wields a +0 orcbow.
The orc warrior shoots an arrow.
You block the arrow with an invisible shield... and reflect it back!
The arrow closely misses the orc warrior.
The orc priest shouts!
You take 29 damage, and have 28/88 hp.
MASSIVE DAMAGE!!
An orc priest comes into view. It is wielding a +0 mace.
The orc wizard is no longer distracted by gold.
The orc high priest is no longer distracted by gold.
The orc priest no longer looks unusually strong.
The orc priest looks satisfied for a moment.
An orc warrior comes into view. It is wielding a +0 battleaxe.
The orc sorcerer points at you and mumbles some strange words.
The bolt of fire hits the red devil.
The red devil completely resists.
The bolt of fire hits you!!!
You die...
Your body crumbles into a pile of gold.

,,,,,,,,................,,,,,,,,,
,,,,,,,,...o°o..o.°○....,,,,,,,,*
,,,,*,*,.○o.○..○○○....○.,,,,,,*,,
,,,,,,,,..○.○°.°○○°...°.,,,,,,,,,
,,,,,,,,.#○$.○.○°○......,*,,,,,,,
,,,,,,,,.○°°°○$....○..#.**,,,,***
,*,*,,,,..○.○○$.......○.,**,***
*,,,,,,,..............#.,****,***
*,,,,,,,...○.o.○@°..○<○.,,,,,,,*,
*,,,,,,,..○....$°.......,,,,,,,,,
**,,,,,,.°.○.°4.°°...○°.,*,,,,,,,
*,,,*,,,...○o.$○..○.$...*,,,<,,*,
********##.o°°o#########***,,,,,,
*,o..o.oo.####### *,,,,,,
*,.o.oooo.####### *,,,,,, ******
*,...ooo.o#######***,,,,,, ,,,,,*
*,,,,,,,,,* *,,,,,**,,,,**


You could see an orc high priest, an orc sorcerer (poisoned), a red devil
(summoned), 3 orc warriors, 4 orc priests, 4 orc wizards and 5 orcs.

Vanquished Creatures
  A hydra (Lair:2)
  Harold (D:11)
  A catoblepas (Lair:2)
  7 two-headed ogres
  2 boulder beetles
  An orc high priest (Orc:2)
  Nergalle (Lair:1)
  Sonja (Lair:1)
  An orc knight (Orc:2)
  2 deep elf pyromancers (D:12)
  An ugly thing (D:12)
  A cyclops (D:12)
  A manticore (D:12)
  3 elephants (Lair:3)
  2 kobold blastminers (Orc:1)
  A black mamba (Lair:1)
  5 cane toads
  A gargoyle (D:11)
  3 komodo dragons (Lair:2)
  An unseen horror (D:11)
  5 trolls
  4 blink frogs (Lair:3)
  3 wraiths
  3 shadows (D:11)
  A vampire (D:12)
  2 wyverns
  28 yaks
  A basilisk (Lair:2)
  3 steam dragons
  An acid dragon (D:8)
  6 water moccasins (Lair:1)
  5 orc warriors
  4 sky beasts
  2 ogres
  9 wolves
  2 centaurs
  The ghost of dialectric the Covered, an amateur GrFi (D:3)
  3 kobold brigands
  2 phantoms (D:5)
  7 bullfrogs
  4 scorpions
  A water moccasin zombie (D:3)
  9 wights
  12 killer bees
  A howler monkey (D:7)
  7 electric eels
  A bombardier beetle (D:6)
  2 jellies
  13 orc priests
  A bullfrog skeleton (D:3)
  8 hounds
  Natasha (thrice) (D:2)
  3 iguanas
  11 orc wizards
  2 hell rats (Lair:1)
  A howler monkey skeleton (D:3)
  4 gnolls (D:6)
  7 adders
  7 river rats (Lair:1)
  A shadow imp (D:6)
  A white imp (D:8)
  6 ufetubi
  3 ribbon worms
  61 orcs
  5 ball pythons
  9 endoplasms
  4 giant cockroaches
  6 goblins
  4 hobgoblins
  7 jackals
  2 bats
  3 frilled lizards
  19 kobolds
  5 rats
362 creatures vanquished.

Vanquished Creatures (others)
  2 orc wizards
  3 orcs (D:12)
5 creatures vanquished.

Grand Total: 367 creatures vanquished

Notes
Turn   | Place    | Note
-------+----------+-------------------------------------------
     0 | D:1      | mdonais the Octopode Wanderer began the quest for the Orb.
     0 | D:1      | mdonais set off with the following items: a +0 spear, a
                  | potion of berserk rage, a wand of flame (4); and the
                  | following spell memorised: Necrotise; and the following
                  | spells available to memorise: Dispel Undead, Anguish.
     0 | D:1      | Reached XP level 1. HP: 11/11 MP: 3/3
   356 | D:1      | Reached XP level 2. HP: 17/17 MP: 0/5
   546 | D:1      | Reached skill level 1 in Fighting
   860 | D:2      | Reached XP level 3. HP: 24/24 MP: 2/6
   863 | D:2      | Learned a level 2 spell: Momentum Strike
   900 | D:2      | Found an opulent altar of Gozag.
   909 | D:2      | Became a worshipper of Gozag Ym Sagoz the Greedy
   936 | D:2      | Noticed Natasha
   943 | D:2      | Reached skill level 1 in Translocations
   945 | D:2      | Killed Natasha
   946 | D:2      | Reached XP level 4. HP: 21/29 MP: 1/7
   994 | D:2      | Noticed Natasha
  1000 | D:2      | Killed Natasha
  1066 | D:2      | Noticed Natasha
  1168 | D:2      | Killed Natasha
  1169 | D:2      | Reached XP level 5. HP: 28/34 MP: 1/8
  1309 | D:2      | Found a faded altar of an unknown god.
  1408 | D:2      | Learned a level 2 spell: Blink
  1924 | D:2      | Found a faded altar of an unknown god.
  2030 | D:2      | Found an opulent altar of Gozag.
  2416 | D:2      | Reached skill level 1 in Conjurations
  2790 | D:3      | Reached XP level 6. HP: 39/39 MP: 3/10
  2902 | D:3      | Found a runed translucent gate.
  2902 | D:3      | Found a runed translucent gate.
  2902 | D:3      | Found a runed translucent gate.
  2903 | D:3      | Noticed dialectric's ghost (amateur GrFi)
  3465 | D:4      | Learned a level 4 spell: Dispel Undead
  3813 | D:4      | Reached skill level 1 in Short Blades
  3978 | D:4      | Identified the +6 dagger of Conuf {venom, *Corrode Int+4
                  | Dex+3}
  4057 | D:4      | Reached XP level 7. HP: 45/45 MP: 5/11
  4283 | D:4      | Found a sacrificial altar of Ru.
  4287 | D:4      | Found a snail-covered altar of Cheibriados.
  4366 | D:4      | Reached skill level 1 in Dodging
  4479 | D:5      | Entered Level 5 of the Dungeon
  4504 | D:5      | Found a shadowy altar of Dithmenos.
  4565 | D:5      | Found a shimmering altar of Xom.
  4699 | D:5      | Found Cong's Assorted Antiques.
  4707 | D:5      | Bought a scroll labelled MYIPRY ZUQAUT for 26 gold pieces
  4707 | D:5      | Bought a scroll labelled IKUSYR ZURGH for 26 gold pieces
  4707 | D:5      | Bought a scroll labelled ASUTOU OLLALA for 26 gold pieces
  4707 | D:5      | Bought a fuming amethyst potion for 23 gold pieces
  4707 | D:5      | Bought a scroll labelled PEOPNUJ ANOTI for 26 gold pieces
  4717 | D:5      | Found a staircase to the Ecumenical Temple.
  5026 | D:5      | Found a transporter.
  5069 | D:5      | Noticed scisormetimb3rs's ghost (amateur GrFi)
  5072 | D:5      | Noticed a yak
  5115 | D:5      | Reached XP level 8. HP: 42/52 MP: 3/13
  5233 | D:5      | Found a transporter.
  5343 | D:5      | Found Yfueng's Tremendous Tomes.
  5546 | D:5      | Reached skill level 5 in Necromancy
  5584 | Temple   | Entered the Ecumenical Temple
  6280 | D:6      | Reached skill level 5 in Spellcasting
  6706 | D:7      | Noticed a boulder beetle
  6725 | D:7      | Learned a level 3 spell: Stone Arrow
  6773 | D:7      | Reached skill level 1 in Earth Magic
  6816 | D:7      | Reached XP level 9. HP: 58/58 MP: 11/16
  6916 | D:5      | Reached skill level 2 in Earth Magic
  7174 | D:3      | Killed dialectric's ghost
  7175 | D:3      | Reached skill level 3 in Earth Magic
  7387 | D:7      | Reached skill level 4 in Earth Magic
  7769 | D:7      | Noticed a two-headed ogre
  7783 | D:7      | Killed a two-headed ogre
  7784 | D:7      | Reached skill level 5 in Conjurations
  7784 | D:7      | Reached skill level 5 in Earth Magic
  7784 | D:7      | Reached skill level 5 in Fighting
  8225 | D:7      | Reached XP level 10. HP: 66/66 MP: 6/19
  8464 | D:7      | Found an opulent altar of Gozag.
  8636 | D:7      | Found a basalt altar of Yredelemnul.
  9246 | D:8      | Found a staircase to the Lair.
  9405 | D:8      | Reached skill level 6 in Earth Magic
  9682 | D:8      | Reached skill level 7 in Earth Magic
  9936 | D:8      | Found Ohet's Weapon Shoppe.
  9991 | D:8      | Found a sparkling altar of Nemelex Xobeh.
  9991 | D:8      | Found a stormy altar of Qazlal.
 10503 | D:8      | Found Veizid's Assorted Antiques.
 10533 | D:8      | Bought a scroll of teleportation for 90 gold pieces
 10533 | D:8      | Bought a scroll of fear for 120 gold pieces
 10533 | D:8      | Bought a scroll labelled BOERPHI UQAICS for 30 gold pieces
 10763 | Lair:1   | Entered Level 1 of the Lair of Beasts
 10820 | D:7      | Killed a boulder beetle
 10821 | D:7      | Reached skill level 8 in Earth Magic
 11064 | D:9      | Reached skill level 5 in Stealth
 11064 | D:9      | Reached XP level 11. HP: 72/72 MP: 1/21
 11586 | D:9      | Noticed a two-headed ogre
 11592 | D:9      | Killed a two-headed ogre
 11593 | D:9      | Reached skill level 5 in Dodging
 11768 | D:9      | Found a shimmering blue altar of Sif Muna.
 12208 | D:10     | Entered Level 10 of the Dungeon
 12366 | D:10     | Noticed a two-headed ogre
 12852 | D:10     | Killed a two-headed ogre
 12935 | D:10     | Noticed a two-headed ogre
 12944 | D:10     | Killed a two-headed ogre
 13184 | D:10     | Noticed a two-headed ogre
 13190 | D:10     | Killed a two-headed ogre
 13393 | D:10     | Found Zyhupt's Distillery.
 13401 | D:10     | Bought a potion of heal wounds for 85 gold pieces
 13401 | D:10     | Bought a potion of haste for 170 gold pieces
 13401 | D:10     | Bought a potion of mutation for 136 gold pieces
 14067 | Lair:1   | Noticed Nergalle
 14073 | Lair:1   | Noticed Sonja
 14075 | Lair:1   | Killed Nergalle
 14076 | Lair:1   | Killed Sonja
 14077 | Lair:1   | Reached skill level 9 in Earth Magic
 14569 | Lair:1   | Reached XP level 12. HP: 79/79 MP: 10/25
 16378 | Lair:2   | Noticed a catoblepas
 16391 | Lair:2   | Killed a catoblepas
 16667 | Lair:2   | Noticed a seven-headed hydra
 16676 | Lair:2   | Killed a seven-headed hydra
 17890 | Lair:3   | Reached skill level 10 in Earth Magic
 18015 | Lair:3   | Reached skill level 10 in Spellcasting
 18377 | D:5      | Bought the Information on Breccia and the Wayfarer for 1176
                  | gold pieces
 18383 | D:5      | Learned a level 5 spell: Lee's Rapid Deconstruction
 18390 | D:5      | Learned a level 6 spell: Bombard
 18466 | D:11     | Noticed Harold
 18475 | D:11     | Killed Harold
 18696 | D:11     | Found a runed translucent door.
 18696 | D:11     | Found a shimmering altar of Xom.
 18696 | D:11     | Noticed DeathSocks's ghost (journeyman VSBr)
 18807 | D:11     | Noticed a two-headed ogre
 18812 | D:11     | Killed a two-headed ogre
 18813 | D:11     | Reached XP level 13. HP: 86/86 MP: 17/27
 19744 | D:12     | You fall into a shaft and drop 1 floor!
 20570 | D:12     | Reached skill level 11 in Earth Magic
 20572 | D:12     | Found a staircase to the Orcish Mines.
 20849 | D:12     | Found the amulet of Elemental Vulnerability {rPois rF--
                  | rC-- AC+8}
 21215 | Orc:1    | Entered Level 1 of the Orcish Mines
 21340 | Orc:2    | Entered Level 2 of the Orcish Mines
 21367 | Orc:1    | Reached skill level 10 in Conjurations
 21447 | Orc:2    | Killed from afar by an orc sorcerer

Illustrated notes

Levels and vault maps discovered:
D:1:      matt_arrival_refuge, layout_loops_ring
D:2:      layout_rooms, basic_altar, shapermc_ecumenical_altar_gd, uniq_natasha
D:3:      layout_basic, gammafunk_ghost_necromancy
D:4:      layout_basic, minitemple
D:5:      layout_basic, nicolae_overflow_squiral, minmay_temple_entry_tees,
          gammafunk_ghost_arena, serial_shops, shop, supply_closet_lemuel,
          nicolae_shop_i_like_big_books
D:6:      layout_rooms, lightli_orcish_oven
D:7:      layout_basic, marbit_many_paths, general_overflow_altar,
          nrook_mini_vaults
D:8:      layout_loops_cross, jmf_multi_god_temple, erik_lair_island,
          serial_shops, nicolae_shop_trees, nicolae_shop_bloodbath_and_beyond
D:9:      layout_grid_maze, lemuel_blue_sif_altar
D:10:     layout_basic, grunt_ministairs_14, nicolae_stop_n_shop_2
D:11:     minmay_the_grid_triangle_9x9_recursive_3
          [minmay_the_grid_triangle_9x9_minimal,
          minmay_the_grid_triangle_9x9_longest,
          minmay_the_grid_triangle_9x9_corrupted_corridor,
          minmay_the_grid_triangle_9x9_prize_center,
          minmay_the_grid_triangle_9x9_pentomino_pain,
          minmay_the_grid_triangle_9x9_thin_v,
          minmay_the_grid_triangle_9x9_dagger,
          minmay_the_grid_triangle_9x9_flanged_cone,
          minmay_the_grid_triangle_9x9_checkered], layout_irregular_city,
          ebering_ghost_xom, minmay_door_square, uniq_harold, uniq_erica
D:12:     layout_rooms, hiddenorc2_lemuel, minmay_statues_item,
          lemuel_freeze_loot_1
D:13:     layout_roguey, minmay_unpleasant_kobolds
Temple:   nicolae_temple_god_jail
Lair:1:   layout_loops_ring, kennysheep_rathole, grunt_megastairs_3, uniq_sonja,
          uniq_nergalle
Lair:2:   layout_layer_cave, serial_bayou_lake_a, grunt_megastairs_1,
          serial_bayou_shore_b
Lair:3:   layout_cave_pods, shoals_dummy_entry, nicolae_snake_entry_squirm,
          nicolae_lair_grazing_beasts [nicolae_sub_lair_graze_edge,
          nicolae_sub_lair_graze_edge, nicolae_sub_lair_graze_edge,
          nicolae_sub_lair_graze_edge], infiniplex_staircase_pool_2
Orc:1:    layout_caves
Orc:2:    st_orc_congregation, layout_caves, nicolae_volcano_entry_s_turn

Skill      XL: |  1  2  3  4  5  6  7  8  9 10 11 12 13 |
---------------+----------------------------------------+-----
Stealth        | 3 4 5 6 7 |  7.0
Fighting       | 1 2 3 4 5 6 7 8 |  8.0
Translocations | 2 3 |  3.0
Conjurations   | 1 2 3 5 6 7 8 10 | 10.2
Spellcasting   | 3 5 6 7 9 10 | 10.0
Necromancy     | 4 6 |  6.0
Short Blades   | 1 2 |  2.0
Dodging        | 2 3 4 5 6 7 |  7.0
Earth Magic    | 1 5 8 9 10 11 | 11.0
Evocations     | 4 |  4.0
Polearms       | |  1.0
Invocations    | |  1.0

Action                     |  1- 3 |  4- 6 |  7- 9 | 10-12 | 13-15 || total
---------------------------+-------+-------+-------+-------+-------++-------
  Melee: Spear             |    22 |       |       |       |       ||    22
         Constrict         |     8 |     9 |    16 |    13 |    23 ||    69
         Tentacles         |     4 |     7 |    11 |     9 |    18 ||    49
         Short sword       |    10 |    35 |       |       |       ||    45
         Punch             |       |     1 |       |     1 |       ||     2
         Dagger            |       |     2 |    57 |    35 |    64 ||   158
  Throw: Dart              |       |       |    25 |    23 |    11 ||    59
   Cast: Necrotise         |    30 |    73 |    68 |     7 |     2 ||   180
         Momentum Strike   |       |    11 |    35 |     2 |       ||    48
         Stone Arrow       |       |       |    28 |   296 |    74 ||   398
         Dispel Undead     |       |       |     8 |       |     3 ||    11
         Lee's Rapid Decon |       |       |       |     3 |       ||     3
 Invoke: Call Merchant     |       |       |       |     1 |       ||     1
  Evoke: Wand              |       |       |       |       |     3 ||     3
    Use: Scroll            |       |       |     8 |     4 |     7 ||    19
         Potion            |       |       |     3 |     2 |     2 ||     7
   Stab: Sleeping          |     2 |     4 |     1 |       |       ||     7
         Distracted        |     1 |       |       |     1 |     1 ||     3
 Armour: Skin              |     7 |    18 |    30 |    53 |    29 ||   137
  Dodge: Dodged            |    19 |    13 |    44 |    54 |    35 ||   165
  Block: Other             |       |       |     9 |    25 |     8 ||    42
         Reflection        |       |       |     1 |     2 |     1 ||     4
